 Dungeon Crawl Stone Soup version 0.21.1-1-g345015f (webtiles) character file.

132 forestcreature the Shooter (level 4, -15/36 HPs)
             Began as a Centaur Arcane Marksman on Apr 13, 2018.
             Demolished by a wyvern (18 damage)
             ... on level 5 of the Dungeon.
             The game lasted 00:27:10 (3588 turns).

forestcreature the Shooter (CeAM)                   Turns: 3588, Time: 00:27:11

Health: -15/36     AC:  6    Str: 13    XL:     4   Next: 92%
Magic:  5/5        EV: 10    Int: 12    God:
Gold:   131        SH:  0    Dex: 10    Spells: 4/5 levels left

rFire    + . .     SeeInvis .   a - +0 shortbow
rCold    . . .     Gourm    .   (shield currently unavailable)
rNeg     . . .     Faith    .   e - +2 robe
rPois    .         Spirit   .   (no helmet)
rElec    .         Reflect  .   p - -1 cloak (curse)
rCorr    .         Harm     .   (no gloves)
MR       .....                  (no barding)
Stlth    +.........             (no amulet)
HPRegen  0.12/turn              g - ring of protection from fire
MPRegen  0.09/turn              (no ring)

@: very quick
A: large, hooves 3, deformed body, speed 2, tough skin 3
a: no special abilities


You were on level 5 of the Dungeon.
You were hungry.

You visited 1 branch of the dungeon, and saw 4 of its levels.

You collected 131 gold pieces.

Inventory:

Hand Weapons
 a - a +0 shortbow (weapon)
 k - a +0 hunting sling
 t - a +1 dagger of speed
Missiles
 d - 13 arrows (quivered)
 s - 119 stones
 u - 18 poisoned needles
Armour
 b - a +0 leather armour
 e - a +2 robe (worn)
 p - a cursed -1 cloak (worn)
 r - a +0 leather armour
Jewellery
 g - a ring of protection from fire (left hand)
 j - a cursed ring of teleportation {unknown}
 o - an uncursed ring of flight {unknown}
Wands
 l - a wand of iceblast (9)
Potions
 h - a potion of haste {unknown}
 i - a potion of lignification {unknown}
 n - a potion of invisibility {unknown}
 q - a potion of might {unknown}
Books
 c - a book of Debilitation

   Spells                             Type                      Level
   a - Corona                         Hexes                        1
   b - Slow                           Hexes                        2
   c - Inner Flame                    Hexes/Fire                   3
   d - Portal Projectile              Hexes/Translocation          3
   e - Cause Fear                     Hexes                        4
   f - Leda's Liquefaction            Hexes/Earth                  4
Comestibles
 f - 4 rations
 m - 3 chunks of flesh


   Skills:
 + Level 1.8 Fighting
 + Level 2.2 Slings
 + Level 4.8 Bows
 + Level 1.7 Dodging
 + Level 0.1 Stealth
 + Level 1.2 Spellcasting
 + Level 2.8 Hexes


You had 4 spell levels left.
You knew the following spells:

 Your Spells              Type           Power        Failure   Level  Hunger
a - Corona                Hex            #......      9%          1    ##.....


Dungeon Overview and Level Annotations

Branches:
Dungeon (3/15)

Altars:
Hepliaklqana
Nemelex Xobeh
Yredelemnul


Innate Abilities, Weirdness & Mutations

You have hooves in place of feet.
Armour fits poorly on your strangely shaped body.
You cover ground very quickly.
You have extremely tough skin. (AC +3)


Message History

Firing (i - inventory. (,) - cycle):
d - 15 arrows (quivered)
Press: ? - help, Shift-Dir - straight line, f/p - wyvern
Aim: a wyvern You shoot an arrow.
The arrow barely misses the wyvern.
Firing (i - inventory. (,) - cycle):
d - 14 arrows (quivered)
Press: ? - help, Shift-Dir - straight line, f/p - wyvern
Aim: a wyvern You shoot an arrow.
The arrow hits the wyvern!
The wyvern is moderately wounded.
The wyvern bites you. The wyvern bites you!
* * * LOW HITPOINT WARNING * * *
The wyvern bites you!
* * * LOW HITPOINT WARNING * * *
You are feeling hungry.
The wyvern barely misses you.
The wyvern bites you but does no damage.
The wyvern bites you!!
Ouch! That really hurt!
You die...

## ##................#
...##............(...#
.................(...#
..##......##...(...# <
#......##.......##
#.......#........+
#.......#........#
#......##.......##
+.@....##.......#
#..l............#
#.$.............#
#..(............#
#...............#
#...............#
#...............#
#......##.......#
#......##+#######


You could see a wyvern.

Vanquished Creatures
  Terence (D:2)
  A howler monkey zombie (D:5)
  An adder (D:2)
  An ooze (D:2)
  A worm (D:2)
  3 dart slugs
  2 leopard geckos
  An orc (D:2)
  4 giant cockroaches (D:1)
  8 goblins
  10 hobgoblins
  7 jackals
  A quokka (D:5)
  A ball python (D:1)
  5 bats
  3 frilled lizards (D:1)
  8 kobolds
  7 rats
65 creatures vanquished.

Notes
Turn   | Place    | Note
-------+----------+-------------------------------------------
     0 | D:1      | forestcreature the Centaur Arcane Marksman began the quest for the Orb.
     0 | D:1      | Reached XP level 1. HP: 16/16 MP: 2/2
    85 | D:1      | Reached skill level 3 in Bows
   183 | D:1      | Reached XP level 2. HP: 12/23 MP: 3/3
   607 | D:2      | Reached skill level 4 in Bows
   607 | D:2      | Reached XP level 3. HP: 23/28 MP: 4/4
  2058 | D:2      | Found a basalt altar of Yredelemnul.
  2240 | D:2      | Reached XP level 4. HP: 19/35 MP: 5/5
  2614 | D:2      | Noticed Terence
  2696 | D:2      | Killed Terence
  2696 | D:2      | Reached skill level 1 in Slings
  2908 | D:2      | Found a hazy altar of Hepliaklqana.
  3445 | D:3      | Found a sparkling altar of Nemelex Xobeh.
  3517 | D:3      | You fall through a shaft for 2 floors!
  3517 | D:5      | Entered Level 5 of the Dungeon
  3553 | D:5      | Noticed a wyvern
  3588 | D:5      | Demolished by a wyvern

Skill      XL: |  1  2  3  4 |
---------------+-------------+-----
Bows           | 3 4 |  4.8
Slings         | 2 |  2.2
Fighting       | |  1.8
Dodging        | |  1.7
Stealth        | |  0.1
Spellcasting   | |  1.2
Hexes          | |  2.8

Action                   |  1- 3 |  4- 6 || total
-------------------------+-------+-------++-------
Melee: Shortbow          |   119 |     2 ||   121
       Kick              |    18 |    11 ||    29
       Hunting sling     |     7 |    31 ||    38
       Dagger            |     3 |       ||     3
 Fire: Shortbow          |    99 |    16 ||   115
       Hunting sling     |    21 |    53 ||    74
Throw: Stone             |     3 |       ||     3
Evoke: Wand              |     1 |       ||     1
  Use: Scroll            |     5 |       ||     5
  Eat: Chunk             |     3 |     3 ||     6
Armor: Robe              |   106 |    15 ||   121
Dodge: Dodged            |   140 |    34 ||   174
